 Dungeon Crawl Stone Soup version 0.28.0-45-g0d030f2227 (webtiles) character file.

Game seed: 84808408217798290

101 brightshaft the Magician (level 5, 0/39 HPs)
             Began as a Djinni Conjurer on Apr 19, 2022.
             Killed from afar by an orc wizard (3 damage)
             ... with a puff of flame
             ... on level 3 of the Dungeon.
             The game lasted 00:03:41 (2442 turns).

brightshaft the Magician (Djinni Conjurer)          Turns: 2442, Time: 00:03:42

Health: 0/39       AC:  2    Str: 12    XL:     5   Next: 4%
Gold:   109        EV: 12    Int: 22    God:
                   SH:  0    Dex: 11

rFire   + + .      SeeInvis .   i - +3 dagger (venom)
rCold   x . .      Faith    .   (no shield)
rNeg    . . .      Spirit   .   a - +0 robe
rPois   ∞          Reflect  .   (no helmet)
rElec   .          Harm     .   (no cloak)
rCorr   .          Rampage  .   (no gloves)
Will    .....                   (boots unavailable)
Stlth   ++........              (no amulet)
HPRegen 0.13/turn               g - +6 ring of strength
MPRegen 0.00/turn               (no ring)

@: flying
A: sickness immunity, fire resistance 2, cold vulnerability 1, float, innate
caster, HP casting, extra vitality 1
a: no special abilities


You were on level 3 of the Dungeon.
You visited 1 branch of the dungeon, and saw 3 of its levels.

You collected 109 gold pieces.

Inventory:

Hand Weapons
 i - a +3 dagger of venom (weapon)
Armour
 a - a +0 robe (worn)
Jewellery
 g - a +6 ring of strength (left hand)
Scrolls
 b - a scroll of teleportation {unknown}
 c - a scroll of identify {unknown}
 e - a scroll of fog {unknown}
Potions
 d - 2 potions of degeneration {unknown}
 f - a potion of might {unknown}
 h - 2 potions of cancellation


   Skills:
 + Level 2.7 Fighting
 - Level 2.2 Dodging
 - Level 1.6 Stealth
 + Level 4.0 Spellcasting


You couldn't memorise any spells.
You knew the following spells:

 Your Spells              Type           Power      Damage    Failure   Level
a - Magic Dart            Conj           88%        1d7       1%          1
b - Searing Ray           Conj           44%        2d6       3%          2
c - Dazzling Flash        Conj/Hex       44%        N/A       6%          3
d - Fulminant Prism       Conj/Hex       11%        3d9       21%         4
e - Iskenderun's Mystic   Conj/Tloc      22%        2d6       21%         4
f - Beastly Appendage     Tmut           44%        N/A       1%          1
g - Call Imp              Summ           22%        N/A       3%          2
Your spell library was empty.

Dungeon Overview and Level Annotations

Branches:
Dungeon (3/15)

Altars:


Innate Abilities, Weirdness & Mutations

You are immune to sickness and miasma.
You are immune to poison.
Your flesh is very heat resistant. (rF++)
You are vulnerable to cold. (rC-)
You float through the air rather than walking.
You learn spells naturally, not from books.
Your magical power is your life essence.
You have superior vitality. (+4 MHP)


Message History

Spell assigned to 'g'.
You closely miss the orc. The orc barely misses you.
You closely miss the orc. The orc barely misses you.
You hit the orc.
The orc is severely wounded.
The orc hits you with a +0 hand axe.
You hit the orc.
You kill the orc!
A giant cockroach comes into view.
The giant cockroach barely misses you.
You see here a +0 hand axe.
You hit the giant cockroach.
You kill the giant cockroach!
An orc wizard comes into view. It is wielding a +0 dagger.
You see here a giant cockroach corpse.
You hit the orc wizard.
The orc wizard is poisoned.
The orc wizard is lightly wounded.
The orc wizard points at you and mumbles some strange words.
The puff of flame hits you. You resist.
An orc priest comes into view. It is wielding a +0 club.
The orc priest calls upon Beogh to heal the orc wizard.
The orc wizard's wounds heal themselves!
You hit the orc wizard but do no damage.
The orc wizard looks as sick as possible!
The orc wizard closely misses you.
You closely miss the orc wizard.
The orc wizard is lightly wounded.
The orc wizard hits you with a +0 dagger.
The orc priest mumbles some strange prayers to Beogh against you.
Beogh smites you!
* * * LOW HITPOINT WARNING * * *
The orc wizard closely misses you.
You see here a +0 hand axe.
The orc wizard casts a spell at you. The puff of flame hits you. You resist.
* * * LOW HITPOINT WARNING * * *
It was a potion of cancellation.
You feel magically purged.
The orc wizard gestures at you while chanting.
The puff of flame hits you. You resist.
You die...

...................# .
.........#.##......# ..
#.######.#.##......#
#...#. #......##......#
##...#.###.....###......#
...............##.......#
................#........
..o#.#)...#............ J
...#@...#.#.#.....#.#
#..#.#)...#.#.#.......^
#. #.o....#.#.#........ #
#......# #...#.#.#
#...................
#.#......#.#...#.#.#
#.#......# #...#.#.#
#.##.....# #........ ..
...... .........


You could see an orc wizard (very poisoned).

Vanquished Creatures
  An orc wizard (D:3)
  An adder (D:3)
  A worm (D:3)
  3 dart slugs
  An orc (D:3)
  6 ball pythons
  2 bats
  2 endoplasms (D:2)
  3 giant cockroaches
  5 hobgoblins
  8 jackals (D:2)
  A quokka (D:1)
  2 frilled lizards
  7 goblins
  6 kobolds
  6 rats
55 creatures vanquished.

Notes
Turn   | Place    | Note
-------+----------+-------------------------------------------
     0 | D:1      | brightshaft the Djinni Conjurer began the quest for the
                  | Orb.
     0 | D:1      | Reached XP level 1. HP: 15/15 MP: 0/0
    48 | D:1      | Reached XP level 2. HP: 4/22 MP: 0/0
   369 | D:1      | Reached skill level 1 in Fighting
   795 | D:1      | Reached XP level 3. HP: 15/27 MP: 0/0
   795 | D:1      | Learned a level 1 spell: Beastly Appendage
  1575 | D:2      | Found a faded altar of an unknown god.
  1836 | D:2      | Reached XP level 4. HP: 29/33 MP: 0/0
  2430 | D:3      | Reached skill level 4 in Spellcasting
  2430 | D:3      | Reached XP level 5. HP: 25/39 MP: 0/0
  2430 | D:3      | Learned a level 2 spell: Call Imp
  2442 | D:3      | Killed from afar by an orc wizard

Illustrated notes

Levels and vault maps discovered:
D:1:      dpeg_arrival_windows_large_door, layout_rooms,
          chequers_serial_rivers_micro_c
D:2:      layout_rooms, hellmonk_ecumenical_altar_dog_temple,
          grunt_ministairs_6, palyth_stone_intersect, grunt_decor_junction,
          mrwooster_statue_mirror
D:3:      layout_basic

Skill      XL: |  1  2  3  4 |
---------------+-------------+-----
Fighting       | 1 2 |  2.7
Spellcasting   | 4 |  4.0
Dodging        | |  2.2
Stealth        | |  1.6

Action                   |  1- 3 |  4- 6 || total
-------------------------+-------+-------++-------
Melee: Rapier            |    13 |       ||    13
       Dagger            |    19 |    26 ||    45
 Cast: Magic Dart        |    59 |    13 ||    72
       Searing Ray       |     2 |     1 ||     3
  Use: Scroll            |     1 |       ||     1
       Potion            |       |     1 ||     1
 Stab: Sleeping          |       |     1 ||     1
Armor: Robe              |    12 |     1 ||    13
Dodge: Dodged            |    29 |    11 ||    40
